 Dungeon Crawl Stone Soup version 0.30-a0-1160-g6e42c06551 (webtiles) character file.

Game seed: 10884419455631986427

195814 bmack86 the Warrior (level 17, -6/170 HPs)
             Began as a Minotaur Fighter on Apr 25, 2023.
             Was the Champion of Okawaru.
             Killed by the raging water
             ... invoked by a water nymph
              (29 damage)
             ... on level 4 of the Shoals on Apr 26, 2023.
             The game lasted 01:25:02 (33869 turns).

bmack86 the Warrior (Minotaur Fighter)             Turns: 33869, Time: 01:25:03

Health: -6/170     AC: 29    Str: 33    XL:     17   Next: 72%
Magic:  11/11      EV:  8    Int:  5    God:    Okawaru [******]
Gold:   1356       SH: 23    Dex:  9    Spells: 16/16 levels left

rFire   . . .        L - +8 broad axe (antimagic)
rCold   . . .        Y - +0 tower shield
rNeg    . . .        U - +3 plate armour {Will+}
rPois   .            V - +0 hat of the Ageless Nightmares {MP+9}
rElec   .            S - +0 cloak "Cefaxt" {Will+}
rCorr   .            N - +2 pair of gloves {Str+3}
SInv    .            n - +2 pair of boots
Will    +....        s - amulet of reflection Stlth
                     w - +4 ring of protection
HPRegen 0.48/turn    i - ring of flight
MPRegen 0.12/turn

%: reflection
@: weak-willed, afraid, flying, mesmerised
A: horns 2, retaliatory headbutt, deformed body
}: 1/15 runes: serpentine
a: Renounce Religion, Heroism, Finesse, Duel


You were on level 4 of the Shoals.
You worshipped Okawaru.
Okawaru was exalted by your worship.
You visited 6 branches of the dungeon, and saw 31 of its levels.
You also visited: Bailey and Gauntlet.

You collected 3703 gold pieces.
You spent 2347 gold pieces at shops.

Inventory:

Hand Weapons
 a - a +1 war axe of flaming
 L - a +8 antimagic broad axe (weapon)
Missiles
 f - 33 boomerangs (quivered)
 l - a silver boomerang
 B - 4 throwing nets
 X - 14 silver javelins
Armour
 n - a +2 pair of boots (worn)
 N - a +2 pair of gloves of strength (worn)
 R - a +0 buckler of poison resistance
 S - the +0 cloak "Cefaxt" (worn) {Will+}
   (Okawaru gifted it to you in a Gauntlet)

   Will:      It increases your willpower.
 U - a +3 plate armour of willpower (worn)
 V - the +0 hat of the Ageless Nightmares (worn) {MP+9}
   (You found it in a Gauntlet)

   MP:        It affects your magic capacity (+9).
 Y - a +0 tower shield (worn)
Jewellery
 b - an amulet of faith
 c - a ring of resist corrosion
 g - a ring of poison resistance
 i - a ring of flight (right hand)
 s - an amulet of reflection (around neck)
 t - a ring of see invisible
 w - a +4 ring of protection (left hand)
 x - a ring of protection from cold
 H - a +4 ring of protection
 O - a ring of willpower
Wands
 r - a wand of digging (5)
 y - a wand of flame (70)
 F - a wand of paralysis (10)
Scrolls
 e - 13 scrolls of teleportation
 m - 6 scrolls of fog
 p - 4 scrolls of silence
 v - a scroll of brand weapon
 C - 3 scrolls of magic mapping
 D - 5 scrolls of identify
 E - 7 scrolls of poison
 T - 2 scrolls of fear
Potions
 d - 6 potions of berserk rage
 h - 4 potions of ambrosia
 j - 12 potions of curing
 k - 3 potions of flight
 q - 7 potions of brilliance
 u - 3 potions of haste
 z - a potion of might
 A - a potion of invisibility
 I - 3 potions of cancellation
 W - a potion of resistance
 Z - a potion of magic


   Skills:
 + Level 19.8 Fighting
 - Level 18.0 Axes
 - Level 10.0 Throwing
 + Level 17.1 Armour
 + Level 17.1 Shields
 + Level 13.3 Invocations


You had 16 spell levels left.
You didn't know any spells.
Your spell library contained the following spells:

 Spells                   Type           Power      Damage    Failure   Level
 Apportation              Tloc           0%         N/A       98%         1
 Freeze                   Ice            0%         1d3       98%         1
 Kiss of Death            Conj/Necr      0%         2d5       98%         1
 Magic Dart               Conj           0%         1d3       98%         1
 Cigotuvi's Dreadful Rot  Necr/Pois/Air  0%         N/A       99%         2
 Ensorcelled Hibernation  Hex/Ice        0%         N/A       99%         2
 Passwall                 Tmut/Erth      0%         N/A       99%         2
 Poisonous Vapours        Pois/Air       0%         N/A       99%         2
 Sublimation of Blood     Necr           0%         N/A       99%         2
 Confusing Touch          Hex            0%         N/A       100%        3
 Frozen Ramparts          Ice            0%         1d1       100%        3
 Hailstorm                Conj/Ice       0%         3d3       100%        3
 Ignite Poison            Fire/Tmut/Pois 0%         N/A       100%        3
 Mephitic Cloud           Conj/Pois/Air  0%         N/A       100%        3
 Swiftness                Air            0%         N/A       100%        3
 Volatile Blastmotes      Fire/Tloc      0%         2d10      100%        3
 Dispel Undead            Necr           0%         3d6       100%        4
 Fulminant Prism          Conj/Hex       0%         3d5       100%        4
 Iskenderun's Mystic Bla  Conj/Tloc      0%         2d3       100%        4
 Petrify                  Tmut/Erth      0%         N/A       100%        4
 Sticky Flame             Conj/Fire      0%         2d3       100%        4
 Alistair's Intoxication  Tmut/Pois      0%         N/A       100%        5
 Fireball                 Conj/Fire      0%         3d3       100%        5
 Freezing Cloud           Conj/Ice/Air   0%         6-21      100%        5
 Irradiate                Conj/Tmut      0%         3d11      100%        5
 Iskenderun's Battlesphe  Conj           0%         2d6       100%        5
 Lee's Rapid Deconstruct  Erth           0%         3d4*      100%        5
 Conjure Ball Lightning   Conj/Air       0%         3x3d6     100%        6
 Orb of Destruction       Conj           0%         9d5       100%        7
 Ignition                 Fire           0%         3d3       100%        8
 Call Imp                 Summ           Unusable   N/A       N/A         2

Dungeon Overview and Level Annotations

Branches:
Dungeon (15/15)            Temple (1/1) D:4            Lair (5/5) D:11
 Shoals (4/4) Lair:3        Snake (4/4) Lair:3        Slime (0/5) Lair:4
    Orc (2/2) D:10            Elf (0/3) Orc:2        Vaults (0/5) D:14
 Depths (0/4) D:15         Bailey (visited)         Gauntlet (visited)

Altars:
Ashenzari
Cheibriados
Dithmenos
Elyvilon
Fedhas
Gozag
Hepliaklqana
Kikubaaqudgha
Makhleb
Nemelex Xobeh
Okawaru
Qazlal
Ru
Sif Muna
Trog
Uskayaw
Vehumet
Wu Jian
Xom
Yredelemnul
Zin
The Shining One

Shops:
D:7 :   D:8 (:   Orc:1 ([!   Orc:2 [[!(   Snake:1 [?*=   Snake:4 *

Annotations:
D:13 5 runed translucent doors
Shoals:2 2 transporters, Veluwn's ghost, journeyman MeWn
Shoals:3 Mara
Snake:3 3 runed translucent doors


Innate Abilities, Weirdness & Mutations

You have a pair of horns on your head.
You reflexively headbutt those who attack you in melee.
Armour fits poorly on your strangely shaped body.


Message History

You block the merfolk impaler's attack.
The water nymph touches the plant.
The plant begins to die.
The faun shoots a sling bullet.
The sling bullet hits you but does no damage.
The merfolk siren hits you but does no damage.
You closely miss the merfolk impaler.
The merfolk impaler is lightly wounded.
You block the merfolk impaler's attack.
The satyr plays a frightful melody on his pipes!
The satyr radiates an aura of fear!
You resist with almost no effort.
The water nymph touches the plant.
You hit the merfolk impaler.
Your headbutt misses the merfolk impaler.
The merfolk impaler is moderately wounded.
The merfolk siren chants a haunting song.
You are mesmerised by the merfolk siren!
The faun shoots a sling bullet.
You block the sling bullet with an invisible shield... and reflect it back!
The sling bullet hits the faun!!
The merfolk impaler hits you with a +0 heavy trident!
* * * LOW HITPOINT WARNING * * *
You slice the merfolk impaler!!
The merfolk impaler is severely wounded.
A nearby plant withers and dies.
The water nymph gestures at you while chanting.
The water rises up and strikes you.
* * * LOW HITPOINT WARNING * * *
The faun unwields a +0 spear.
The faun wields a +0 sling.
The faun shoots a sling bullet.
You block the sling bullet with an invisible shield... and reflect it back!
The sling bullet hits the faun.
The merfolk siren chants its luring song.
The merfolk impaler hits you but does no damage.
You miss the merfolk impaler.
The merfolk impaler is severely wounded.
The satyr plays a frightful melody on his pipes!
The satyr radiates an aura of fear!
You are terrified of the satyr!
The water nymph gestures at you while chanting.
The water rises up and strikes you!!
You die...

,,~~~~~~~,,,,,~~~*,,,,,,,*,*,,,,~
,,*~~~~≈#.....~~~P..,,,,,,,,,,,,,
,,~*~~~#≈.......~#.#,,,,,~,*,,,,,
,,,~*~*≈......~≈~..*,,,,~~,,,,,,~
,,,,,,,....(..≈~~~#,,*,.~,,,,,,,~
,,,,,,,.......~≈≈~####m~,,,,,,,,~
,,,,,,,........≈≈≈≈~PP~~,,,,,,,,,
,,,,,,,........~m≈c~m...,,,,,,,,,
,,,~,,,.......<.@~mc~c..,,,,,,,~~
,,~~,,,.........~~.c~...,,,,,,~~~
~~~,,,,............H....,,,,,,~~~
~,,,,,,......(......P.P.,,,,,~~~~
,,,,,,,PPPP..........~~~~~,,~~~~~
,,,,*,,#PP..#....P..~~~~~~~~~~~~~
,,,,*,,#.PP##...P....PPP~~~~~~~~~
,,,,,,,....*..........~~~~~~~~~~~
,,,,,,,,,,,,,,,,,,,,~~~~~~~~~~~~~


You could see a merfolk impaler, a merfolk javelineer, a satyr (scary), 3 fauns,
a manticore, a merfolk siren (mesmerising) and a water nymph.

Vanquished Creatures
  Rupert (D:14)
  14 nagarajas
  Louise (D:14)
  An orc warlord (Bailey)
  A dire elephant (Lair:5)
  Azrael (D:15)
  A minotaur (Gauntlet)
  Snorg (D:14)
  A green death (Gauntlet)
  2 fire dragons
  8 hydras
  A salamander tyrant (Snake:1)
  A merfolk avatar (Shoals:2)
  An alligator snapping turtle (Shoals:1)
  5 two-headed ogres
  13 anacondas
  5 centaur warriors
  2 boulder beetles
  3 catoblepae
  A death scarab (Gauntlet)
  14 death yaks (Lair:5)
  17 naga warriors
  4 tengu warriors
  9 naga sharpshooters
  3 shock serpents
  Urug (D:14)
  A skyshark (Lair:1)
  6 naga ritualists
  6 salamander mystics
  A spectral hydra (Gauntlet)
  4 lindwurms (Lair:5)
  3 harpies (Shoals:1)
  A necromancer (D:15)
  4 orc sorcerers
  2 deep elf pyromancers
  2 orc knights
  7 mana vipers
  9 ugly things
  3 cyclopes
  9 manticores
  6 fauns (Shoals:1)
  15 salamanders
  2 merfolk sirens
  30 black mambas
  A guardian serpent (shapeshifter) (D:14)
  A rust devil (Gauntlet)
  4 guardian serpents
  8 elephants (Lair:5)
  5 torpor snails (Lair:5)
  16 naga magi
  9 cane toads
  An orange demon (Gauntlet)
  A centaur skeleton (D:15)
  2 minotaur zombies (Gauntlet)
  2 tengu conjurers
  2 unseen horror zombies (D:8)
  5 rime drakes
  7 komodo dragons
  3 efreet
  4 freezing wraiths (D:15)
  A yaktaur (D:14)
  2 polar bears
  A troll (shapeshifter) (D:14)
  A wind drake (Shoals:3)
  5 trolls
  7 merfolk
  A tarantella (shapeshifter) (D:15)
  3 tyrant leeches (Lair:5)
  Prince Ribbit (D:5)
  Grinder (D:3)
  7 hornets (Lair:5)
  2 dream sheep (Lair:5)
  11 blink frogs
  5 snapping turtles
  6 slime creatures
  3 centaur simulacra (D:14)
  2 vampires
  50 yaks
  A shadow (D:13)
  2 wraiths
  5 wyverns
  A ynoxinul (Gauntlet)
  3 fire elementals (D:15)
  16 humans
  3 basilisks
  9 vampire mosquitoes
  A steam dragon (D:8)
  Edmund (D:5)
  4 wargs
  A swamp worm (shapeshifter) (D:15)
  2 acid dragons
  44 nagas
  3 hell hounds (D:15)
  14 water moccasins
  Duvessa (D:5)
  44 orc warriors
  A sky beast (D:7)
  A black bear (shapeshifter) (D:14)
  5 ogres
  5 black bears
  24 centaurs
  4 wolves (Lair:2)
  3 kobold brigands
  A gnoll sergeant (D:5)
  Blork the orc (D:4)
  15 bullfrogs
  4 scorpions
  3 necrophages (D:8)
  9 wights (D:8)
  13 killer bees
  Dowan (D:5)
  A howler monkey (D:8)
  4 electric eels
  2 centaur zombies
  2 hounds
  13 orc priests
  2 jellies
  A gnoll bouda (D:6)
  Crazy Yiuf (D:4)
  4 iron imps (Gauntlet)
  A sleepcap (D:4)
  Ijyb (D:3)
  Terence (D:3)
  3 iguanas
  19 orc wizards
  5 hell rats (Lair:5)
  A boggart skeleton (D:15)
  Robin (D:3)
  8 gnolls
  5 adders
  A shadow imp (D:7)
  A white imp (D:7)
  2 worms (D:3)
  A dart slug (D:3)
  78 orcs
  9 endoplasms
  4 giant cockroaches
  19 goblins
  16 hobgoblins
  4 jackals (D:2)
  26 kobolds
  A quokka (D:5)
  3 ball pythons
  8 bats
  2 frilled lizards
  8 rats
906 creatures vanquished.

Vanquished Creatures (others)
  A nagaraja (Snake:4)
  A centaur warrior (D:14)
  An orc priest (Orc:2)
  2 orc wizards
  2 kobolds (D:8)
  2 bushes (D:8)
  32 fungi
  67 plants
  23 withered plants (Gauntlet)
131 creatures vanquished.

Grand Total: 1037 creatures vanquished

Notes
Turn   | Place    | Note
-------+----------+-------------------------------------------
     0 | D:1      | bmack86 the Minotaur Fighter began the quest for the Orb.
     0 | D:1      | Reached XP level 1. HP: 19/19 MP: 0/0
   125 | D:1      | Reached XP level 2. HP: 27/27 MP: 1/1
   443 | D:1      | Found a faded altar of an unknown god.
   699 | D:2      | Reached skill level 4 in Fighting
   699 | D:2      | Reached XP level 3. HP: 33/33 MP: 2/2
   840 | D:2      | Found a blossoming altar of Fedhas.
  1274 | D:2      | Reached XP level 4. HP: 37/40 MP: 3/3
  1397 | D:3      | Noticed Ijyb
  1420 | D:3      | Killed Ijyb
  1421 | D:3      | Reached skill level 1 in Throwing
  1468 | D:3      | Noticed Grinder
  1476 | D:3      | Killed Grinder
  1477 | D:3      | Reached XP level 5. HP: 17/47 MP: 4/4
  1477 | D:3      | Reached XP level 6. HP: 19/53 MP: 5/5
  1655 | D:3      | Noticed Robin
  1660 | D:3      | Reached skill level 5 in Axes
  1665 | D:3      | Killed Robin
  1828 | D:3      | Noticed Terence
  1834 | D:3      | Killed Terence
  1930 | D:3      | Reached skill level 5 in Armour
  2231 | D:4      | Reached skill level 5 in Fighting
  2460 | D:4      | Found a runed translucent door.
  2461 | D:4      | Noticed Crazy Yiuf
  2465 | D:4      | Killed Crazy Yiuf
  2466 | D:4      | Reached skill level 5 in Shields
  2737 | D:4      | Reached XP level 7. HP: 59/61 MP: 6/6
  2844 | D:4      | Noticed Blork the orc
  2851 | D:4      | Killed Blork the orc
  2856 | D:4      | Found a staircase to the Ecumenical Temple.
  2862 | Temple   | Entered the Ecumenical Temple
  3088 | Temple   | Became a worshipper of Warmaster Okawaru
  3570 | D:5      | Entered Level 5 of the Dungeon
  3597 | D:5      | Noticed Prince Ribbit
  3599 | D:5      | Noticed Dowan
  3601 | D:5      | Noticed Duvessa
  3608 | D:5      | Killed Duvessa
  3609 | D:5      | Reached skill level 1 in Invocations
  3618 | D:5      | Killed Dowan
  3618 | D:5      | Reached * piety under Okawaru
  3619 | D:5      | Killed Prince Ribbit
  3620 | D:5      | Reached XP level 8. HP: 16/70 MP: 6/8
  3939 | D:5      | Reached skill level 6 in Fighting
  3946 | D:5      | Noticed Edmund
  3958 | D:5      | Killed Edmund
  4127 | D:5      | Found an ornate altar of the Wu Jian Council.
  4191 | D:5      | Found a glowing silver altar of Zin.
  5087 | D:7      | Reached ** piety under Okawaru
  5088 | D:7      | Reached XP level 9. HP: 60/78 MP: 10/10
  5282 | D:7      | Found Nashomai's Self-Improvement Boutique.
  5611 | D:7      | Reached skill level 7 in Fighting
  5778 | D:8      | Reached *** piety under Okawaru
  5779 | D:8      | Reached skill level 5 in Throwing
  5844 | D:8      | Found Taehot's Book Emporium.
  5852 | D:8      | Found a sparkling altar of Nemelex Xobeh.
  5895 | D:8      | Found Iwyk's Antique Weapon Emporium.
  5900 | D:8      | Bought a broad axe for 140 gold pieces
  6175 | D:8      | Reached XP level 10. HP: 58/86 MP: 12/12
  6183 | D:8      | Received a gift from Okawaru
  6193 | D:8      | Reached skill level 10 in Axes
  6560 | D:8      | Reached skill level 8 in Fighting
  6832 | D:8      | Found a blossoming altar of Fedhas.
  7142 | D:9      | Reached **** piety under Okawaru
  7143 | D:9      | Reached skill level 5 in Invocations
  7143 | D:9      | Found a broken altar of Ashenzari.
  7262 | D:9      | Received a gift from Okawaru
  7881 | D:9      | Found a glowing golden altar of the Shining One.
  7940 | D:10     | Entered Level 10 of the Dungeon
  8016 | D:10     | Reached XP level 11. HP: 53/95 MP: 14/14
  8039 | D:10     | Found a staircase to the Orcish Mines.
  8261 | D:10     | Reached ***** piety under Okawaru
  8398 | D:10     | Noticed a two-headed ogre
  8408 | D:10     | Killed a two-headed ogre
  8408 | D:10     | Received a gift from Okawaru
  8516 | D:10     | Found a flagged portal.
  8524 | Bailey   | Entered a bailey
  8530 | Bailey   | Noticed an orc warlord
  8635 | Bailey   | Found a runed translucent gate.
  8635 | Bailey   | Found a runed translucent gate.
  8661 | Bailey   | Found a runed translucent gate.
  8839 | Bailey   | Killed an orc warlord
  8840 | Bailey   | Reached skill level 9 in Fighting
  8846 | Bailey   | Reached skill level 10 in Fighting
  8846 | Bailey   | Reached skill level 10 in Armour
  8846 | Bailey   | Reached skill level 10 in Shields
  8846 | Bailey   | Reached XP level 12. HP: 72/106 MP: 10/15
  9107 | D:10     | Noticed a two-headed ogre
  9111 | D:10     | Killed a two-headed ogre
  9475 | D:10     | Noticed a two-headed ogre
  9487 | D:10     | Killed a two-headed ogre
  9487 | D:10     | Received a gift from Okawaru
 10158 | D:11     | Found a staircase to the Lair.
 10344 | D:11     | Received a gift from Okawaru
 10583 | Lair:1   | Entered Level 1 of the Lair of Beasts
 10736 | Lair:1   | Identified a scroll of acquirement
 10736 | Lair:1   | Acquired a manual of Fighting
 10872 | Lair:1   | Reached XP level 13. HP: 110/115 MP: 5/17
 10876 | Lair:1   | Reached skill level 11 in Fighting
 11459 | Lair:1   | Received a gift from Okawaru
 12122 | Lair:2   | Identified the +4 dagger "Tin Zyap" {heavy, rN+ Int+3}
 12443 | Lair:2   | Reached skill level 15 in Axes
 12677 | Lair:3   | Found a staircase to the Snake Pit.
 13015 | Lair:3   | Found a staircase to the Shoals.
 13558 | Lair:3   | Reached skill level 12 in Fighting
 13688 | Lair:3   | Reached ****** piety under Okawaru
 14155 | Lair:4   | Found a staircase to the Slime Pits.
 14975 | Lair:5   | Entered Level 5 of the Lair of Beasts
 14982 | Lair:5   | Received a gift from Okawaru
 15030 | Lair:5   | Received a gift from Okawaru
 15055 | Lair:5   | Reached skill level 13 in Fighting
 15061 | Lair:5   | Reached XP level 14. HP: 54/129 MP: 6/19
 15094 | Lair:5   | HP: 1/129 [death yak (16)]
 15099 | Lair:5   | Received a gift from Okawaru
 15175 | Lair:5   | Found a gate leading to a gauntlet.
 15188 | Gauntlet | Entered a Gauntlet
 15188 | Gauntlet | Found a transporter.
 15188 | Gauntlet | Found a transporter.
 15188 | Gauntlet | Found a runed translucent gate.
 15365 | Gauntlet | Found a runed translucent gate.
 15366 | Gauntlet | Found a transporter.
 15366 | Gauntlet | Found a transporter.
 15367 | Gauntlet | Found a runed translucent gate.
 15369 | Gauntlet | Found a transporter.
 15383 | Gauntlet | Found a transporter.
 15396 | Gauntlet | Found a transporter.
 15418 | Gauntlet | Found a transporter.
 15421 | Gauntlet | Found a transporter.
 15421 | Gauntlet | Found a transporter.
 15439 | Gauntlet | Found a transporter.
 15456 | Gauntlet | Found a transporter.
 15467 | Gauntlet | Found a transporter.
 15482 | Gauntlet | Found a transporter.
 15596 | Gauntlet | Identified the +2 cloak "Lyrchifodgh" {rN++ Str-2}
 15773 | Gauntlet | Identified the +0 cloak "Cefaxt" {Will+} (Okawaru gifted it
                  | to you in a Gauntlet)
 15773 | Gauntlet | Received a gift from Okawaru
 15800 | Gauntlet | Identified the +0 hat of the Ageless Nightmares {MP+9}
 15920 | Gauntlet | Identified the staff of cold "Xuji" {rPois rC+}
 15920 | Gauntlet | Identified the staff of poison "Parchiroo" {rPois rCorr}
 15920 | Gauntlet | Identified the staff of death "Her Ipise" {rN+ Str+2}
 16551 | Lair:5   | Reached skill level 14 in Fighting
 17596 | Lair:5   | Found a runed translucent door.
 18387 | D:12     | Received a gift from Okawaru
 18696 | D:12     | Reached XP level 15. HP: 139/139 MP: 10/21
 19145 | D:13     | Received a gift from Okawaru
 19257 | D:13     | Reached skill level 15 in Fighting
 19546 | D:13     | Found the +9 staff of Olgreb {rPois∞}
 19550 | D:13     | Found a runed translucent door.
 19559 | D:13     | Found a runed translucent gate.
 19559 | D:13     | Found a runed translucent gate.
 19560 | D:13     | Found a runed translucent door.
 19578 | D:13     | Found a runed translucent gate.
 19580 | D:13     | Noticed an emperor scorpion
 19580 | D:13     | Noticed an emperor scorpion
 19580 | D:13     | Noticed an emperor scorpion
 19580 | D:13     | Noticed an emperor scorpion
 19908 | D:14     | Noticed Rupert
 19908 | D:14     | Noticed Urug
 19908 | D:14     | Found a gate to the Vaults.
 20021 | Orc:1    | Entered Level 1 of the Orcish Mines
 20030 | Orc:1    | Identified the +1 ring mail "Quaf Rae" {-Cast Will+ Dex+3}
                  | (Okawaru gifted it to you on level 1 of the Orcish Mines)
 20030 | Orc:1    | Received a gift from Okawaru
 20069 | Orc:1    | Reached skill level 10 in Throwing
 20186 | Orc:1    | Found Vuuhauta's Distillery.
 20218 | Orc:1    | Found Cotobuc's Armour Shoppe.
 20355 | Orc:1    | Bought a +2 pair of gloves of dexterity for 215 gold pieces
 20481 | Orc:2    | Entered Level 2 of the Orcish Mines
 20598 | Orc:2    | Found a staircase to the Elven Halls.
 20880 | Orc:1    | Bought a potion of heal wounds for 75 gold pieces
 20962 | Orc:1    | Found Sasycs's Antique Weapon Boutique.
 22143 | Orc:2    | Found Odeuqom's Armour Shoppe.
 22143 | Orc:2    | Found Biupuass's Distillery.
 22145 | Orc:2    | Found Zulij's Weapon Shop.
 22147 | Orc:2    | Found Quweil's Armour Emporium.
 22151 | Orc:2    | Bought a +2 pair of gloves of strength for 279 gold pieces
 22355 | D:14     | Killed Rupert
 22356 | D:14     | Reached skill level 10 in Invocations
 22364 | D:14     | Reached skill level 16 in Fighting
 22364 | D:14     | Killed Urug
 22587 | D:14     | You fall into a shaft and drop 1 floor!
 22587 | D:15     | Entered Level 15 of the Dungeon
 22682 | D:14     | Noticed Louise
 22714 | D:14     | Killed Louise
 22795 | D:14     | Noticed Snorg
 22803 | D:14     | Killed Snorg
 23439 | D:14     | Identified the +0 cloak of Okawaru's Castigation {rPois rF-
                  | rN++ MP+9 Dex+4} (Okawaru gifted it to you on level 14 of
                  | the Dungeon)
 23439 | D:14     | Received a gift from Okawaru
 23755 | D:15     | Gained mutation: Armour fits poorly on your strangely
                  | shaped body. [a neqoxec]
 23767 | D:15     | Reached skill level 17 in Fighting
 23910 | D:15     | Found a staircase to the Depths.
 24089 | D:15     | HP: 7/147 [green ugly thing (6)]
 24094 | D:15     | HP: 2/147 [acid (9)]
 24714 | D:15     | Reached XP level 16. HP: 148/155 MP: 23/23
 24848 | D:15     | Identified the +0 scale mail of Ugasish {Rampage}
 24869 | D:15     | Noticed Azrael
 24895 | D:15     | Killed Azrael
 25700 | Snake:1  | Entered Level 1 of the Snake Pit
 26020 | Snake:1  | Found Maocwos's Jewellery Boutique.
 26022 | Snake:1  | Found Couwn's Assorted Antiques.
 26022 | Snake:1  | Found Ycloan's Magic Scroll Shop.
 26029 | Snake:1  | Found Fodu's Antique Armour Shop.
 26046 | Snake:1  | Bought an amulet of reflection for 450 gold pieces
 26046 | Snake:1  | Bought a ring of flight for 262 gold pieces
 26087 | Snake:1  | Bought a scroll of blinking for 127 gold pieces
 26087 | Snake:1  | Bought a scroll of enchant weapon for 127 gold pieces
 26087 | Snake:1  | Bought a scroll of blinking for 127 gold pieces
 26099 | Snake:1  | Bought a runed broad axe for 203 gold pieces
 26869 | Snake:1  | Reached skill level 15 in Shields
 27040 | Snake:1  | Reached skill level 18 in Fighting
 27104 | Snake:1  | Reached skill level 15 in Armour
 27376 | Snake:1  | Received a gift from Okawaru
 27889 | Snake:1  | Received a gift from Okawaru
 28445 | Snake:1  | Received a gift from Okawaru
 29754 | Snake:3  | Found a runed translucent gate.
 29754 | Snake:3  | Found a runed translucent gate.
 29754 | Snake:3  | Found a runed translucent gate.
 29919 | Snake:4  | Entered Level 4 of the Snake Pit
 30823 | Snake:4  | Received a gift from Okawaru
 30949 | Snake:4  | Reached skill level 19 in Fighting
 30950 | Snake:4  | Reached XP level 17. HP: 89/168 MP: 5/25
 30964 | Snake:4  | Received a gift from Okawaru
 31310 | Snake:4  | Received a gift from Okawaru
 31414 | Snake:4  | Found Ugigarhe's General Store.
 31417 | Snake:4  | Bought 2 scrolls of enchant armour for 285 gold pieces
 31417 | Snake:4  | Bought a potion of curing for 57 gold pieces
 32312 | Snake:4  | Got a serpentine rune of Zot
 32699 | Snake:4  | Received a gift from Okawaru
 33257 | Shoals:1 | Entered Level 1 of the Shoals
 33636 | Shoals:1 | You are sucked into a shaft and drop 1 floor!
 33636 | Shoals:2 | Found a transporter.
 33674 | Shoals:2 | Found a transporter.
 33676 | Shoals:2 | Noticed Veluwn's ghost (journeyman MeWn)
 33679 | Shoals:2 | Found a bloodstained altar of Trog.
 33679 | Shoals:2 | Identified the +2 sling "Impbane" {drain, Will+ MP+9}
 33839 | Shoals:3 | Noticed Mara
 33857 | Shoals:3 | HP: 7/170 [Mara/+2 demon trident of freezing (12)]
 33858 | Shoals:4 | Entered Level 4 of the Shoals
 33869 | Shoals:4 | Killed from afar by a water nymph

Illustrated notes

Levels and vault maps discovered:
D:1:      dpeg_arrival_fog, layout_rooms, shapermc_ecumenical_altar_petra,
          minmay_bisected
D:2:      layout_loops_ring, basic_altar
D:3:      layout_loops_cross, kennysheep_generic_room_7, uniq_terence,
          uniq_grinder, uniq_robin, uniq_ijyb
D:4:      layout_layer_cave, minmay_temple_entry_enclosed_plants,
          uniq_crazy_yiuf_cottage, uniq_blork_the_orc
D:5:      layout_rooms, lemuel_tele_altar, zin_scriptorium, serial_glass,
          glass_columns_a, glass_columns_a, glass_columns_b, glass_columns_b,
          minmay_strange_pillars, minmay_strange_pillars, uniq_edmund,
          uniq_prince_ribbit1, uniq_duvessa
D:6:      layout_loops_ring
D:7:      layout_basic, nicolae_shop_self_help
D:8:      layout_basic, nemelex_xobeh_ov_fountains_minmay,
          fedhas_altar_decomposition, serial_shops, nicolae_square_shop,
          nicolae_book_shop_shelving
D:9:      layout_irregular_city, ashenzari_altar_1, tso_altar
D:10:     layout_basic, orc_0_dummy, enter_bailey_2
D:11:     layout_roguey, due_lair_maze_entry_diamond
D:12:     layout_loops_cross
D:13:     layout_loops_ring, minmay_guarded_unrand_staff_of_olgreb
D:14:     layout_rooms, david_vaults_3, minmay_staircase_bubble,
          hangedman_decor_clover_reticule, uniq_louise, uniq_snorg
D:15:     grunt_enter_depths_magical_seal, layout_grid_maze, minivault_14,
          minmay_sticks_and_stones, uniq_azrael
Temple:   eino_temple_scatter_basement
Lair:1:   layout_chaotic_city
Lair:2:   layout_loops_ring, minmay_stone_trees_small, grunt_megastairs_1,
          serial_bayou_shore_b
Lair:3:   layout_hall_layers, shoals_dummy_entry,
          minmay_snake_entry_guardpost_small, grunt_megastairs_4,
          serial_bayou_shore_b, lemuel_fruit_tree
Lair:4:   layout_roguey, slime_entry_1, st_stairs_6
Lair:5:   hangedman_lair_in_review, layout_regular_city, wormcave,
          gauntlet_entry_generic, grunt_megastairs_5, uniq_rupert
Shoals:1: layout_shoals
Shoals:2: layout_shoals, gammafunk_ghost_wrathful_warriors, uniq_kirke
Shoals:3: nzn_motion_control, layout_shoals, uniq_mara
Shoals:4: shoals_end_grunt_garden, layout_shoals, shoal_ilsuiw, serial_shops,
          bzr_entry_road, uniq_polyphemus
Snake:1:  layout_layer_cave, nicolae_snake_slithery_hallway,
          hangedman_snake_sidewinding, minmay_shoptagon
Snake:2:  layout_rooms, grunt_megastairs_2
Snake:3:  layout_chambers, ebering_ghost_inner_flame, nicolae_snake_horde_hoard,
          uniq_mlioglotl
Snake:4:  grunt_snake_rune_spirals, layout_onion_interference, serial_shops,
          nicolae_shop_hallway_stairs
Orc:1:    layout_caves, serial_shops, shop, nicolae_shop_tiny_waterfront, shop
Orc:2:    st_orc_rangers, layout_diamond_mine, basic_altar

Skill      XL: |  1  2  3  4  5  6  7  8  9 10 11 12 13 14 15 16 17 |
---------------+----------------------------------------------------+-----
Axes           | 3 4 5 6 8 9 11 13 14 16 17 18 | 18.0
Armour         | 4 5 6 7 8 10 12 13 14 16 17 | 17.1
Fighting       | 4 5 6 7 8 10 13 14 17 19 | 19.8
Shields        | 4 5 6 7 8 10 11 12 13 14 16 17 | 17.1
Throwing       | 1 2 3 4 5 6 7 8 9 10 | 10.0
Invocations    | 1 3 4 5 6 8 9 10 12 13 | 13.3

Action                     |  1- 3 |  4- 6 |  7- 9 | 10-12 | 13-15 | 16-18 || total
---------------------------+-------+-------+-------+-------+-------+-------++-------
  Melee: War axe           |    82 |    83 |   198 |   176 |    75 |     1 ||   615
         Headbutt          |     5 |    13 |    25 |    81 |   257 |   161 ||   542
         Unarmed           |       |    22 |       |       |       |       ||    22
         Broad axe         |       |       |       |   205 |   944 |   767 ||  1916
  Throw: Boomerang         |     9 |       |       |     4 |    35 |    13 ||    61
 Invoke: Heroism           |       |       |     2 |     3 |     6 |     3 ||    14
         Finesse           |       |       |       |     1 |     4 |     2 ||     7
    Use: Scroll            |     5 |     8 |     4 |    13 |    11 |    16 ||    57
         Potion            |       |       |     1 |     3 |     5 |     4 ||    13
 Armour: Scale mail        |    60 |    44 |    81 |       |       |       ||   185
         Skin              |       |     4 |       |       |       |       ||     4
         Plate armour      |       |       |    66 |   276 |   967 |   364 ||  1673
  Dodge: Dodged            |    49 |    48 |    85 |   119 |   434 |   173 ||   908
  Block: Buckler           |    23 |    15 |    80 |   170 |   466 |   299 ||  1053
         Reflection        |       |       |       |       |       |   103 ||   103
         Tower shield      |       |       |       |       |       |   376 ||   376

Table legend: (Time is in decaauts)
 A = Elapsed time spent in this place.
 B = Non-inter-level travel time spent in this place.
 C = Inter-level travel time spent in this place.
 D = Time resting spent in this place.
 E = Time spent auto-exploring this place.
 F = Levels seen in this place.
 G = Mean time per level.
                   A        B        C        D        E       F      G
               +--------+--------+--------+--------+--------+-----+--------+
         Total |  33495 |  32361 |   1134 |   5297 |  18875 |  33 | 1015.0 |
       Dungeon |  14923 |  14314 |    609 |    970 |   9994 |  15 |  994.9 |
        Temple |    244 |    203 |     41 |      0 |    182 |   1 |  244.0 |
          Lair |   7021 |   6656 |    365 |    628 |   4706 |   5 | 1404.2 |
        Shoals |    585 |    585 |      0 |      0 |    253 |   4 |  146.2 |
     Snake Pit |   7345 |   7276 |     69 |   2968 |   2444 |   4 | 1836.2 |
  Orcish Mines |   2173 |   2125 |     48 |    456 |   1092 |   2 | 1086.5 |
        Bailey |    436 |    436 |      0 |      0 |    171 |   1 |  436.0 |
      Gauntlet |    764 |    764 |      0 |    275 |     32 |   1 |  764.0 |
               +--------+--------+--------+--------+--------+-----+--------+

Top non-repeatable levels by time:
 Snake:1: 3214 daAuts
  Lair:5: 2451 daAuts
 Snake:4: 2225 daAuts
    D:15: 2081 daAuts
    D:10: 1582 daAuts
   Orc:2: 1447 daAuts
  Lair:3: 1350 daAuts
     D:8: 1290 daAuts
  Lair:1: 1148 daAuts
     D:4: 1117 daAuts
 Snake:3: 1096 daAuts
    D:14: 1065 daAuts
  Lair:4: 1036 daAuts
  Lair:2: 1035 daAuts
     D:3: 920 daAuts
